 Dungeon Crawl Stone Soup version 0.30-a0-475-g03497ec522 (webtiles) character file.

Game seed: 13201899842789192809

9 IdlyInterested the Ducker (level 2, -3/22 HPs)
             Began as a Demonspawn Gladiator on Dec 20, 2022.
             Succumbed to a gnoll's poison
             ... on level 1 of the Dungeon.
             The game lasted 00:01:26 (532 turns).

IdlyInterested the Ducker (Demonspawn Gladiator)     Turns: 532, Time: 00:01:26

Health: -3/22      AC:  7    Str: 14    XL:     2   Next: 6%
Magic:  2/2        EV: 10    Int:  9    God:
Gold:   7          SH:  0    Dex: 14    Spells: 1/1 levels left

rFire   . . .      SeeInvis .    a - +0 long sword
rCold   . . .      Faith    .    (no shield)
rNeg    . . .      Spirit   .    h - +0 scale mail
rPois   .          Reflect  .    c - +0 helmet
rElec   .          Harm     .    (no cloak)
rCorr   .          Rampage  .    (no gloves)
Will    .....                    (no boots)
Stlth   ..........               (no amulet)
HPRegen 0.23/turn                (no ring)
MPRegen 0.08/turn                (no ring)

@: lethally poisoned (-3 -> -15)
A: demonic touch 1
a: no special abilities


You were on level 1 of the Dungeon.
You visited 1 branch of the dungeon, and saw 1 of its levels.

You collected 7 gold pieces.

Inventory:

Hand Weapons
 a - a +0 long sword (weapon)
 f - a +0 dagger
Missiles
 d - 3 throwing nets
 g - 3 stones (quivered)
Armour
 c - a +0 helmet (worn)
 h - a +0 scale mail (worn)
Scrolls
 i - a scroll of teleportation {unknown}
 j - a scroll of magic mapping {unknown}


   Skills:
 * Level 2.0 Fighting
 + Level 3.0 Long Blades
 - Level 1.7 Throwing
 - Level 3.0 Dodging


You had one spell level left.
You didn't know any spells.
Your spell library was empty.

Dungeon Overview and Level Annotations

Branches:
Dungeon (1/15)

Altars:


Innate Abilities, Weirdness & Mutations

Your touch may inflict minor irresistible damage on your foes.


Message History

You throw a stone. The stone barely misses the kobold.
The stone barely misses the gnoll.
A ball python comes into view.
The kobold misses you. The gnoll hits you but does no damage.
You are poisoned.
You barely miss the kobold.
The kobold is moderately wounded.
You feel sick. The kobold hits you but does no damage.
The gnoll hits you from afar with a +1 spear of venom.
You completely miss the kobold.
The kobold is moderately wounded.
You feel sick. The kobold hits you but does no damage. The gnoll misses you.
The kobold barely misses you. The gnoll barely misses you.
You hit the kobold.
You kill the kobold!
You feel sick. The gnoll closely misses you.
You feel sick. The gnoll completely misses you.
Things that are here:
a +0 short sword; 4 stones; a kobold corpse You barely miss the gnoll.
You feel sick. The gnoll hits you but does no damage.
You are more poisoned.
You hit the gnoll.
The gnoll is lightly wounded.
You feel very sick. The gnoll barely misses you.
You barely miss the gnoll.
The gnoll is lightly wounded.
You feel very sick. The gnoll misses you. x2
You hit the gnoll. Your touch misses the gnoll.
The gnoll is moderately wounded.
You feel sick.
The gnoll hits you with a +1 spear of venom.
* * * LOW HITPOINT WARNING * * *
You are more poisoned.
You aren't carrying any potions.
You barely miss the gnoll.
The gnoll is moderately wounded.
You die...

##...##.########...####.........#
.....................['.........'
##..)##.#####.##...#.##.........#
##.###.# #.##...#.###.......##
### #.# #.##>#.#.# ##.....## #.#
#.##...#.# ##...## ######.#
#........# ##+## #......#
####.##### #.###### #@# ##.# #g#
##.# #S# ##.# ... ##.# #...# ...#
..(.. #### ....... # ....... #
#####.###


You could see a gnoll and a ball python.

Vanquished Creatures
  An endoplasm (D:1)
  A goblin (D:1)
  A quokka (D:1)
  A bat (D:1)
  2 frilled lizards (D:1)
  3 kobolds (D:1)
  A rat (D:1)
10 creatures vanquished.

Notes
Turn   | Place    | Note
-------+----------+-------------------------------------------
     0 | D:1      | IdlyInterested the Demonspawn Gladiator began the quest for
                  | the Orb.
     0 | D:1      | Reached XP level 1. HP: 16/16 MP: 1/1
   291 | D:1      | Gained mutation: Your touch may inflict minor irresistible
                  | damage on your foes. [demonic ancestry]
   291 | D:1      | Reached XP level 2. HP: 18/22 MP: 2/2
   531 | D:1      | HP: 1/22 [gnoll/+1 spear of venom (6)]
   532 | D:1      | Succumbed to a gnoll's poison

Illustrated notes

Levels and vault maps discovered:
D:1:      tarquinn_simple_flora_water_e, layout_loops_corners,
          nicolae_concentric_dashed_squares_mild

Skill      XL: |  1 |
---------------+----+-----
Dodging        | 3 |  3.0
Long Blades    | 3 |  3.0
Fighting       | |  2.0
Throwing       | |  1.7

Action                   || total
-------------------------++-------
Melee: Long sword        ||    32
Throw: Javelin           ||     1
       Stone             ||     1
Armor: Scale mail        ||     5
       Leather armour    ||     1
Dodge: Dodged            ||    27

Table legend: (Time is in decaauts)
 A = Elapsed time spent in this place.
 B = Non-inter-level travel time spent in this place.
 C = Inter-level travel time spent in this place.
 D = Time resting spent in this place.
 E = Time spent auto-exploring this place.
 F = Levels seen in this place.
 G = Mean time per level.
                   A        B        C        D        E       F      G
               +--------+--------+--------+--------+--------+-----+--------+
         Total |    540 |    540 |      0 |     57 |    388 |   1 |  540.0 |
       Dungeon |    540 |    540 |      0 |     57 |    388 |   1 |  540.0 |
               +--------+--------+--------+--------+--------+-----+--------+

Top non-repeatable levels by time:
     D:1: 540 daAuts
